 Dungeon Crawl Stone Soup version 0.13-a0-1536-gedae9ec (webtiles) character file.

264 Kae the Vexing (level 4, -2/21 HPs)
             Began as a Spriggan Enchanter on June 10, 2013.
             Killed from afar by an orc wizard (5 damage)
             ... with a puff of flame
             ... on Level 3 of the Dungeon.
             The game lasted 00:04:08 (2242 turns).

Kae the Vexing (Spriggan Enchanter)                 Turns: 2242, Time: 00:04:08

HP  -2/21        AC  3     Str  5      XL: 4   Next: 87%
MP   0/12        EV 18     Int 16      God:
Gold 136         SH  0     Dex 16      Spells:  2 memorised,  5 levels left

Res.Fire  : . . .   See Invis. : +   b - -4 orc blowgun (curse)
Res.Cold  : . . .   Warding    : .   u - +1 robe
Life Prot.: . . .   Conserve   : .   (shield restricted)
Res.Poison: .       Res.Corr.  : .   (helmet restricted)
Res.Elec. : .       Clarity    : .   (no cloak)
Sust.Abil.: . .     Spirit.Shd : +   (gloves unavailable)
Res.Mut.  : .       Stasis     : .   (boots unavailable)
Res.Rott. : .       Flight     : .   f - amulet of guardian spirit
Saprovore : . . .                    (no ring)
                                     (no ring)

@: very quick, slightly resistant to hostile enchantments, quite stealthy
A: unfitting armour, see invisible, herbivore 3, speed 3, slow metabolism 2
a: no special abilities


You were on level 3 of the Dungeon.
You were not hungry.

You visited 1 branch of the dungeon, and saw 3 of its levels.

You collected 116 gold pieces.

Inventory:

Hand weapons
 a - a +1,+1 dagger {=f}
 b - a cursed -4 orcish blowgun (weapon)
Missiles
 d - 12 darts
 v - 7 poisoned needles (quivered)
Armour
 u - a +1 robe (worn)
Comestibles
 g - 3 bread rations
 h - an apple
 l - a meat ration
Jewellery
 f - an amulet of guardian spirit (around neck)
Potions
 e - a potion of porridge
 i - a potion of restore abilities {unknown}
 j - 3 potions of curing {unknown}
 k - 3 potions of confusion {unknown}
 m - 2 potions of speed {unknown}
 o - 2 potions of might {unknown}
 p - a potion of heal wounds {unknown}
Books
 c - a book of Maledictions

   Spells                             Type                      Level
   *Corona                            Hexes                        1
   Sure Blade                         Hexes/Charms                 2
   *Ensorcelled Hibernation           Hexes/Ice                    2
   Confuse                            Hexes                        3
   Enslavement                        Hexes                        4
   Invisibility                       Hexes                        6


   Skills:
 * Level 3.1 Short Blades
 - Level 1.1 Throwing
 - Level 3.0 Dodging
 + Level 4.5 Stealth
 + Level 2.6 Spellcasting
 + Level 4.7 Hexes


You had 5 spell levels left.
You knew the following spells:

 Your Spells              Type           Power        Failure   Level  Hunger
a - Corona                Hex            ###....      3%          1    #......
b - Ensorcelled Hibernat  Hex/Ice        #.....       12%         2    ##.....


Dungeon Overview and Level Annotations

Branches:
Dungeon (3/27)

Altars:
Fedhas
Okawaru


Innate Abilities, Weirdness & Mutations

You are tiny and cannot use many weapons and most armour.
You have supernaturally acute eyesight.
You are a herbivore.
You cover ground extremely quickly.
You need consume almost no food.


Message History

Press: ? - help, Shift-Dir - straight line, f/p - orc wizard
Aim: an orc wizard, wielding an orcish dagger and wearing an orcish robe (moving very quickly)
You shoot a poisoned needle.
The poisoned needle hits the orc wizard.
The orc wizard is poisoned.
Read which item? (? for menu, Esc to quit)
As you read the scroll labeled SEIJ CREBBI, it crumbles to dust.
Your uncursed runed orcish blowgun {was cursed} glows black for a moment.
It was a scroll of curse weapon.
The orc wizard casts a spell at you. The magic dart hits you!
The orc wizard mumbles some strange words.
You feel troubled.
The orc wizard suddenly yells, as Orcs often do.
The orc wizard gestures at you while chanting.
The puff of frost hits you!
* * * LOW HITPOINT WARNING * * *
The orc wizard points at you and mumbles some strange words.
The puff of flame hits you!
You die...

######## #......# ## ##
######......############ #.
.######......................###.
.#.(.....................###...#.
..................).....%........
#.....#.######..@###########.....
#...#.#.# #...##.#.#<# #.#...
....#.#.######...##.#.#^####.#...
..................#.#.#.#......>.
....#.#.#..o#######.#.#.####.####
.####.#.#...# #.#.#.# #.#
###...#.###########'#'#'# #.#
..................#...^.# #.#
###...#.##...######%....# #.#


You could see an orc wizard.

Vanquished Creatures
  An iguana (D:3)
  Ijyb (D:3)
  5 adders
  2 orcs (D:3)
  6 bats
  4 goblins
  8 hobgoblins
  2 jackals (D:1)
  6 kobolds
  2 giant newts (D:1)
  8 rats
45 creatures vanquished.

Notes
Turn   | Place    | Note
--------------------------------------------------------------
     0 | D:1      | Kae, the Spriggan Enchanter, began the quest for the Orb.
     0 | D:1      | Reached XP level 1. HP: 9/9 MP: 4/4
   209 | D:1      | Found an iron altar of Okawaru.
   370 | D:1      | Reached XP level 2. HP: 11/13 MP: 6/6
   386 | D:1      | Learned a level 2 spell: Ensorcelled Hibernation
   887 | D:1      | Reached skill level 4 in Hexes
   887 | D:1      | Reached XP level 3. HP: 11/16 MP: 6/9
  1481 | D:2      | Reached XP level 4. HP: 17/21 MP: 8/12
  1605 | D:2      | Found a blossoming altar of Fedhas.
  1933 | D:3      | Noticed Ijyb
  2108 | D:3      | Killed Ijyb
  2242 | D:3      | Killed from afar by an orc wizard

Action                   |  1- 3 |  4- 6 || total
-------------------------+-------+-------++-------
Melee: Dagger            |   120 |    58 ||   178
 Fire: Blowgun           |       |    17 ||    17
 Cast: Ensorcelled Hiber |     8 |     2 ||    10
  Use: Scroll            |     5 |     4 ||     9
 Stab: Distracted        |     1 |       ||     1
       Sleeping          |     9 |     4 ||    13
